 Dungeon Crawl Stone Soup version 0.14-a0-788-g14b720c (webtiles) character file.

10991 Poochie the Bludgeoner (level 12, 0/72 HPs)
             Began as a Formicid Hunter on Nov 10, 2013.
             Was a High Priest of Makhleb.
             Slain by an ice dragon (10 damage)
             ... in an ice cave.
             The game lasted 00:40:29 (11019 turns).

Poochie the Bludgeoner (Formicid Hunter)           Turns: 11019, Time: 00:40:32

HP   0/72        AC  7     Str 27      XL: 12   Next: 13%
MP  11/11        EV 18     Int 10      God: Makhleb [*****.]
Gold 1009        SH  0     Dex 12      Spells:  0 memorised, 11 levels left

Res.Fire  : + + .   See Invis. : +   p - +0,+5 giant spiked club
Res.Cold  : + . .   Warding    : .   t - +1 ring mail {rF+}
Life Prot.: . . .   Conserve   : +   (no shield)
Res.Poison: .       Res.Corr.  : .   (helmet unavailable)
Res.Elec. : +       Clarity    : .   (no cloak)
Sust.Abil.: . .     Spirit.Shd : .   (no gloves)
Res.Mut.  : .       Stasis     : +   (no boots)
Res.Rott. : .       Flight     : .   n - amulet of conservation
Saprovore : . . .                    a - +5 ring of evasion
                                     q - +3 ring of evasion

@: mighty, somewhat resistant to hostile enchantments, very unstealthy
A: permanent stasis, dig shafts and tunnels, four strong arms, poison weakness,
antennae 3, exoskeleton 1
a: Dig, Shaft Self, Minor Destruction, Lesser Servant of Makhleb, Major
Destruction, Greater Servant of Makhleb, Renounce Religion


You were in an ice cave.
You worshipped Makhleb.
Makhleb was extremely pleased with you.
You were not hungry.

You visited 1 branch of the dungeon, and saw 10 of its levels.
You also visited: Ossuary and Ice Cave.

You collected 1036 gold pieces.
You spent 27 gold pieces at shops.

Inventory:

Hand weapons
 h - a cursed -2 blowgun
 p - a +0,+5 giant spiked club (weapon)
Missiles
 c - a throwing net
 x - 4 large rocks (quivered)
Armour
 l - a +1 orcish chain mail
 t - a +1 ring mail of fire resistance (worn)
Magical devices
 e - a wand of disintegration (2)
 j - a wand of confusion (10)
 k - a wand of flame (21)
 o - a wand of frost (4)
 s - a wand of lightning (5) {unknown}
Comestibles
 f - 3 bread rations
 g - a royal jelly
 v - 15 sultanas
 w - 4 meat rations
Scrolls
 m - a scroll of magic mapping
 u - a scroll of remove curse
 E - 2 scrolls of fog
Jewellery
 a - a +5 ring of evasion (right hand)
 b - a -3 ring of protection
 n - an amulet of conservation (around neck)
 q - a +3 ring of evasion (left hand)
 r - a cursed ring of flight
 G - an uncursed amulet of guardian spirit {unknown}
Potions
 F - 2 potions of curing


   Skills:
 - Level 5.1 Fighting
   Level 1.3 Short Blades
 + Level 15.9 Maces & Flails
 - Level 3.9 Throwing
 - Level 1.7 Dodging
 - Level 1.2 Stealth


You had 11 spell levels left.
You didn't know any spells.

Dungeon Overview and Level Annotations

Branches:
Dungeon (11/27)            Temple (0/1) D:5             Orc (0/4) D:8
   Lair: D:8-13

Altars:
Ashenzari
Elyvilon
Makhleb
Nemelex Xobeh
Trog
Vehumet
Zin

Shops:
D:5 *


Innate Abilities, Weirdness & Mutations

Your are under a permanent stasis effect.
You can dig through walls and to a lower floor.
Your four strong arms can wield any weapon, most with a shield.
You are susceptible to poison.
You have a pair of large antennae on your head (SInv).
Your body is surrounded by an exoskeleton. (HP +5, AC +1)


Message History

Unknown command.
Unknown command.
Unknown command.
Read which item? (? for menu, Esc to quit)
Okay, then.
Unknown command.
Drink which item? (? for menu, Esc to quit)
Okay, then.
Unknown command.
Evoke which item? (* to show all) (? for menu, Esc to quit)
Okay, then.
Unknown command.
Unknown command.
You pound the ice dragon like an anvil!!!
You kill the ice dragon!
Makhleb accepts your kill.
You feel a little better. The ice dragon bites you!
* * * LOW HITPOINT WARNING * * *
The ice dragon claws you!
You die...

#...##{*##..#
###.###≈≈≈*##.#
##.#..#*≈≈≈**#.#
#..##.##≈≈≈≈*#.#
#...#..#≈≈≈≈*#.#
##.#...##≈≈≈≈*#.#
#..#####≈≈≈≈≈*#.#
#...#*,**≈≈≈≈*#.#
#.@##,,** ≈≈**#.#
#D##,,,,#≈≈≈* #.#
#..#,,,,#≈≈** #.#
#..D.,,,#≈≈#* #.#
##....$,#≈≈≈*##.##
*.D...$#≈≈≈*#...##
*.....$#≈≈≈##.#..#
*#...=,#≈≈≈#..##..
*..=,*#≈≈≈....##.


You could see an ice dragon.

Vanquished Creatures
  An ice dragon (IceCv)
  Harold (D:11)
  The ghost of dck the Cutter, an experienced DECj of Okawaru (D:8)
  A cyclops (D:11)
  A troll (D:9)
  A queen bee (D:11)
  A hydra zombie (D:9)
  A hydra skeleton (D:11)
  3 wraiths (D:9)
  5 yaks (D:9)
  A wyvern (D:11)
  Menkaure (D:5)
  2 hungry ghosts (D:9)
  A manticore (D:8)
  A hippogriff (D:7)
  9 ice beasts
  A necrophage (D:7)
  An orc warrior (D:8)
  2 sky beasts
  2 ogres (D:8)
  2 phantoms
  A centaur (D:8)
  Duvessa (D:7)
  Blork the orc (D:5)
  3 giant frogs
  A manticore zombie (D:8)
  A troll zombie (D:9)
  18 killer bees
  A hippogriff zombie (D:9)
  4 wights (D:7)
  Dowan (D:7)
  7 crimson imps
  A giant frog zombie (D:9)
  3 jellies
  2 hounds
  2 goliath beetles
  14 orc wizards
  A soldier ant zombie (D:9)
  A centaur skeleton (D:9)
  2 giant frog skeletons
  4 orc priests
  A scorpion (D:6)
  2 iguanas (D:7)
  5 worker ants
  4 sheep (D:11)
  2 sky beast zombies (D:9)
  A hound skeleton (D:6)
  12 mummies
  2 worker ant zombies
  8 adders
  A giant centipede (D:9)
  A worm zombie (D:7)
  4 worms
  2 giant mites
  2 inept feature mimics
  An iguana zombie (D:7)
  2 giant eyeballs
  2 oozes (D:3)
  4 giant geckos
  27 orcs
  25 bats
  A bat zombie (D:7)
  6 giant cockroaches
  16 hobgoblins
  7 jackals
  16 kobolds
  3 quokkas
  A ball python (D:4)
  4 giant newts
  19 goblins
  A hobgoblin skeleton (D:4)
  2 hobgoblin zombies (Ossuary)
  2 kobold skeletons
  3 kobold zombies (Ossuary)
  4 orc zombies
  A quokka skeleton (D:6)
  14 rats
316 creatures vanquished.

Vanquished Creatures (others)
  A phantom (D:5)
  A giant cockroach (D:5)
2 creatures vanquished.

Grand Total: 318 creatures vanquished

Notes
Turn   | Place    | Note
--------------------------------------------------------------
     0 | D:1      | Poochie, the Formicid Hunter, began the quest for the Orb.
     0 | D:1      | Reached XP level 1. HP: 17/17 MP: 0/0
   254 | D:1      | Reached XP level 2. HP: 19/22 MP: 1/1
   863 | D:1      | Reached XP level 3. HP: 26/26 MP: 2/2
  1359 | D:2      | Reached skill level 1 in Maces & Flails
  1661 | D:2      | Reached XP level 4. HP: 30/32 MP: 3/3
  2356 | D:2      | Reached XP level 5. HP: 16/36 MP: 4/4
  3242 | D:3      | Found a burning altar of Makhleb.
  3298 | D:3      | Became a worshipper of Makhleb the Destroyer
  3631 | D:3      | Reached skill level 4 in Maces & Flails
  3637 | D:3      | Reached XP level 6. HP: 19/41 MP: 5/5
  5233 | D:5      | Entered Level 5 of the Dungeon
  5235 | D:5      | Noticed a phantom
  5249 | D:5      | Killed a phantom
  5249 | D:5      | Acquired Makhleb's first power
  5249 | D:5      | Reached skill level 5 in Maces & Flails
  5249 | D:5      | Reached XP level 7. HP: 42/45 MP: 6/6
  5302 | D:5      | Found Xikelarue's General Store.
  5319 | D:5      | Bought a potion of might for 27 gold pieces
  5355 | D:5      | Found a sand-covered staircase.
  5360 | Ossuary  | Entered an ossuary
  5638 | Ossuary  | Reached skill level 6 in Maces & Flails
  6547 | D:5      | Noticed an ice beast
  6556 | D:5      | Killed an ice beast
  6556 | D:5      | Reached skill level 7 in Maces & Flails
  6556 | D:5      | Reached XP level 8. HP: 50/50 MP: 7/7
  6557 | D:5      | Noticed Menkaure
  6560 | D:5      | Killed Menkaure
  6628 | D:5      | Found a staircase to the Ecumenical Temple.
  6686 | D:5      | Reached skill level 8 in Maces & Flails
  6729 | D:5      | Noticed Blork the orc
  6739 | D:5      | Killed Blork the orc
  6742 | D:5      | Acquired Makhleb's second power
  7234 | D:6      | Found a shattered altar of Ashenzari.
  7267 | D:6      | Reached skill level 9 in Maces & Flails
  7367 | D:6      | Reached XP level 9. HP: 35/54 MP: 8/8
  7879 | D:6      | Found a radiant altar of Vehumet.
  7880 | D:6      | Found a sparkling altar of Nemelex Xobeh.
  8125 | D:7      | Noticed Duvessa
  8125 | D:7      | Noticed Dowan
  8142 | D:7      | Reached skill level 10 in Maces & Flails
  8142 | D:7      | Killed Dowan
  8146 | D:7      | Killed Duvessa
  8162 | D:7      | Acquired Makhleb's third power
  8323 | D:7      | Reached skill level 11 in Maces & Flails
  8659 | D:7      | Reached XP level 10. HP: 59/59 MP: 9/9
  8915 | D:8      | Noticed dck's ghost (experienced DECj)
  8915 | D:8      | Found a staircase to the Orcish Mines.
  8931 | D:8      | Killed dck's ghost
  8931 | D:8      | Reached skill level 12 in Maces & Flails
  9073 | D:8      | Acquired Makhleb's fourth power
  9440 | D:8      | Reached skill level 5 in Fighting
  9849 | D:9      | Reached skill level 13 in Maces & Flails
  9855 | D:9      | Found a bloodstained altar of Trog.
  9878 | D:9      | Reached XP level 11. HP: 67/67 MP: 10/10
 10180 | D:9      | Reached skill level 14 in Maces & Flails
 10389 | D:9      | Acquired Makhleb's fifth power
 10394 | D:9      | Found a glowing silver altar of Zin.
 10426 | D:9      | Found a white marble altar of Elyvilon.
 10436 | D:9      | Found a glowing silver altar of Zin.
 10484 | D:9      | Noticed an eidolon
 10500 | D:9      | You fall through a shaft!
 10667 | D:11     | Reached skill level 15 in Maces & Flails
 10699 | D:11     | Noticed a cyclops
 10719 | D:11     | Killed a cyclops
 10747 | D:11     | Found a frozen archway.
 10751 | D:11     | Noticed Harold
 10760 | D:11     | Killed Harold
 10798 | IceCv    | Entered an ice cave
 10981 | IceCv    | Reached XP level 12. HP: 72/72 MP: 11/11
 11011 | IceCv    | Noticed an ice dragon
 11011 | IceCv    | Noticed an ice dragon
 11019 | IceCv    | Killed an ice dragon
 11019 | IceCv    | Slain by an ice dragon

Action                   |  1- 3 |  4- 6 |  7- 9 | 10-12 || total
-------------------------+-------+-------+-------+-------++-------
Melee: Short sword       |    83 |       |       |       ||    83
       Whip              |    38 |   299 |   101 |       ||   438
       Flail             |       |       |    81 |       ||    81
       Mace              |       |       |    14 |       ||    14
       Morningstar       |       |       |   102 |   106 ||   208
       Giant spiked club |       |       |       |   231 ||   231
Throw: Large rock        |       |    13 |    50 |    36 ||    99
       Throwing net      |       |       |     3 |     1 ||     4
 Abil: Dig               |       |       |       |     6 ||     6
       Shaft Self        |       |       |       |     1 ||     1
Evoke: Wand              |       |       |     2 |     3 ||     5
  Use: Scroll            |     7 |     2 |    16 |    14 ||    39
       Potion            |     3 |     4 |     2 |    12 ||    21
 Stab: Sleeping          |       |     1 |       |       ||     1
       Held in net/web   |       |       |     1 |       ||     1
       Confused          |       |       |     1 |       ||     1
